 Dungeon Crawl Stone Soup version 0.32-a0-872-g59262bdc9b (webtiles) character file.

Game seed: 13560940552083561527

613 PriceMaster the Cudgeller (level 7, -6/52 HPs)
             Began as a Demonspawn Gladiator on Mar 30, 2024.
             Mangled by a lorocyproca (39 damage)
             ... on level 1 of the Abyss.
             The game lasted 00:08:23 (4321 turns).

PriceMaster the Cudgeller (Demonspawn Gladiator)    Turns: 4321, Time: 00:08:24

Health: -6/52      AC:  9    Str: 15    XL:     7   Next: 20%
Magic:  11/11      EV: 12    Int: 14    God:
Gold:   261        SH:  0    Dex: 16    Spells: 12/12 levels left

rFire   . . .        a - +0 flail
rCold   . . .        (no shield)
rNeg    + + +        p - +1 leather armour {Will+}
rPois   +            c - +0 helmet
rElec   .            x - scarf of Indecent Exposure {harm, -Tele Rampage rN+++}
rCorr   .            (no gloves)
SInv    .            s - +1 pair of boots
Will    +....        y - amulet of magic regeneration
Stlth   ++           d - +6 ring of intelligence
HPRegen 0.28/turn    A - ring of poison resistance
MPRegen 0.64/turn

%: no teleportation, harm (+30% outgoing, +20% incoming), rampage
@: no status effects
A: claws 1, thin metallic scales 1, magic regeneration
a: no special abilities


You were on level 1 of the Abyss.
You visited 1 branch of the dungeon, and saw 4 of its levels.
You visited the Abyss 1 time.

You collected 261 gold pieces.

Inventory:

Hand Weapons
 a - a +0 flail (weapon)
 e - a +0 flail
 E - a +2 dagger of venom
Missiles
 r - 4 poisoned darts (quivered)
 C - 3 javelins
Armour
 b - a +0 leather armour
 c - a +0 helmet (worn)
 p - a +1 leather armour of willpower (worn)
 s - a +1 pair of boots (worn)
 x - the scarf of Indecent Exposure (worn) {harm, -Tele Rampage rN+++}
   (You found it on level 3 of the Dungeon)

   rN+++:     It renders you almost immune to negative energy.
   -Tele:     It prevents most forms of teleportation.
   Rampage:   It bestows one free step when moving towards enemies.
Magical Staves
 n - a staff of alchemy
Jewellery
 d - a +6 ring of intelligence (left claw)
 y - an amulet of magic regeneration (around neck)
 A - a ring of poison resistance (right claw)
Wands
 o - a wand of light (3)
Scrolls
 t - a scroll of amnesia
 u - a scroll of teleportation
Potions
 j - 4 potions of enlightenment {unknown}
 l - 2 potions of ambrosia {unknown}
 q - 3 potions of brilliance {unknown}
 w - a potion of magic {unknown}
 z - a potion of mutation {unknown}
 B - 2 potions of degeneration {unknown}
 D - a potion of lignification {unknown}


   Skills:
 * Level 3.4 Fighting
 + Level 4.3 Maces & Flails
 * Level 3.2 Throwing
 + Level 2.2 Armour
 + Level 3.3 Dodging
 + Level 0.9 Stealth
 * Level 3.1 Spellcasting
 + Level 0.2 Evocations


You had 12 spell levels left.
You didn't know any spells.
Your spell library was empty.

Dungeon Overview and Level Annotations

Branches:
Dungeon (4/15)             Temple (0/1) D:4

Altars:

Shops:
D:1 :

Annotations:
D:4 cj66's ghost, amateur HuBe


Innate Abilities, Weirdness & Mutations

You have sharp fingernails.
You are partially covered in thin metallic scales. (AC +2)
You regenerate magic rapidly.


Message History

You closely miss cj66's ghost.
Cj66's ghost is severely damaged.
The kobold hits you but does no damage. Cj66's ghost closely misses you.
The kobold misses you.
You hit cj66's ghost.
Cj66's ghost is almost destroyed.
The kobold barely misses you. x2; Cj66's ghost hits you.
The kobold hits you but does no damage. The kobold barely misses you.
The kobold closely misses you.
You hit cj66's ghost.
Cj66's ghost is almost destroyed.
Cj66's ghost hits you!
* * * LOW HITPOINT WARNING * * *
The kobold completely misses you. The kobold closely misses you.
The kobold hits you with a +2 whip of distortion!
* * * LOW HITPOINT WARNING * * *
You are cast into the Abyss!
This branch contains the abyssal rune of Zot.
You feel much better.
As you read the scroll labelled LEF TAD APT, it crumbles to dust.
You feel a strange sense of stasis.
It was a scroll of teleportation.
The air fills with toxic fumes!
As you read the scroll labelled RES BAIHEWI, it crumbles to dust.
It was a scroll of poison.
You start resting.
You hear a chilling moan.
There is a strange disturbance nearby!
There is a strange disturbance nearby!
There is a strange disturbance nearby!
There is a strange disturbance nearby!
There is a strange disturbance nearby!
There is a strange disturbance nearby!
Something barely misses you.
Deactivating autopickup; reactivate with Ctrl-A.
You barely miss something. Something hits you but does no damage.
Aiming: Bolt of Light
Press: ? - help, Shift-Dir - straight line The bolt of light hits something!
Something hits you!!
Ouch! That really hurt!
You die...

....######
..#......#
.........#
#.......#
.#.......#
.........###
...........###.
................
.......@.'''....
..#....{.....#..
...........#..#.
..≈........#.ß#
..............#
..≈..........##
...............
....≈.#.#......


There were no monsters in sight!

Vanquished Creatures
  Grinder (D:3)
  Eustachio (D:4)
  2 jellies (D:4)
  An orc priest (D:4)
  An orc wizard (D:3)
  4 adders
  3 dart slugs
  3 ribbon worms
  12 orcs
  10 ball pythons
  10 endoplasms
  3 giant cockroaches
  11 goblins
  6 hobgoblins
  2 jackals (D:3)
  7 quokkas
  6 bats
  A frilled lizard (D:3)
  4 kobolds
  3 rats
91 creatures vanquished.

Vanquished Creatures (others)
  A kobold (D:4)
1 creature vanquished.

Grand Total: 92 creatures vanquished

Notes
Turn   | Place    | Note
-------+----------+-------------------------------------------
     0 | D:1      | PriceMaster the Demonspawn Gladiator began the quest for
                  | the Orb.
     0 | D:1      | Reached XP level 1. HP: 16/16 MP: 1/1
   228 | D:1      | Found Pocik's Book Boutique.
   336 | D:1      | Gained mutation: You regenerate magic rapidly. [demonic
                  | ancestry]
   336 | D:1      | Reached XP level 2. HP: 22/22 MP: 2/2
   786 | D:2      | Reached skill level 3 in Maces & Flails
   905 | D:2      | Reached XP level 3. HP: 27/27 MP: 3/3
   933 | D:2      | Reached skill level 1 in Armour
  1097 | D:2      | Reached skill level 1 in Spellcasting
  1242 | D:2      | Reached XP level 4. HP: 17/34 MP: 5/5
  1684 | D:3      | Found a faded altar of an unknown god.
  1850 | D:3      | Identified the scarf of Indecent Exposure {harm, -Tele
                  | Rampage rN+++}
  1914 | D:3      | Noticed Grinder
  1931 | D:3      | Killed Grinder
  1932 | D:3      | Gained mutation: You are partially covered in thin metallic
                  | scales. (AC +2) [demonic ancestry]
  1932 | D:3      | Reached XP level 5. HP: 26/41 MP: 5/8
  1932 | D:3      | Gained mutation: You have sharp fingernails. [demonic
                  | ancestry]
  1932 | D:3      | Reached XP level 6. HP: 30/47 MP: 5/9
  2672 | D:4      | Reached skill level 4 in Maces & Flails
  2786 | D:4      | Noticed Eustachio
  2809 | D:4      | Killed Eustachio
  2810 | D:4      | Reached XP level 7. HP: 27/52 MP: 9/11
  3604 | D:4      | Found a staircase to the Ecumenical Temple.
  3605 | D:4      | Found a runed translucent gate.
  3606 | D:4      | Found a runed translucent gate.
  3608 | D:4      | Found a runed translucent gate.
  3610 | D:4      | Noticed cj66's ghost (amateur HuBe)
  4289 | D:4      | HP: 2/52 [kobold/+2 whip of distortion (8)]
  4289 | Abyss:1  | Cast into level 1 of the Abyss (kobold)
  4321 | Abyss:1  | Mangled by a lorocyproca

Illustrated notes

Levels and vault maps discovered:
D:1:      nzn_arrival_settlement, layout_basic, serial_shops,
          nicolae_shop_statue_plus
D:2:      layout_rooms
D:3:      layout_loops_ring, ebering_ecumenical_altar_box,
          roderic_nine_men_s_morris, uniq_grinder
D:4:      layout_basic, minmay_temple_entry_from_below_a,
          gammafunk_ghost_nasty_kobolds, serial_bayou, serial_bayou_pond_d,
          serial_bayou_crossing, serial_bayou_lagoon_a, serial_bayou_shore_a,
          uniq_eustachio
Abyss:1:  base: D:4, hangedman_decor_lopped, hangedman_eye_storm

Skill      XL: |  1  2  3  4  5  6  7 |
---------------+----------------------+-----
Maces & Flails | 3 4 |  4.3
Armour         | 1 2 |  2.2
Spellcasting   | 1 2 3 |  3.1
Throwing       | 2 3 |  3.2
Dodging        | 3 |  3.3
Fighting       | 3 |  3.4
Stealth        | |  0.9
Evocations     | |  0.2

Action                     |  1- 3 |  4- 6 |  7- 9 || total
---------------------------+-------+-------+-------++-------
  Melee: Flail             |    91 |    84 |    63 ||   238
  Throw: Throwing net      |     6 |       |       ||     6
         Javelin           |    15 |    47 |     6 ||    68
         Dart              |       |       |     8 ||     8
  Evoke: Wand              |     1 |     3 |     6 ||    10
    Use: Scroll            |       |     1 |     7 ||     8
         Potion            |       |     1 |     4 ||     5
   Stab: Held in net/web   |     1 |       |       ||     1
         Sleeping          |       |     1 |     3 ||     4
         Invisible         |       |     1 |       ||     1
 Armour: Leather armour    |    60 |    86 |    61 ||   207
         Skin              |     8 |       |       ||     8
  Dodge: Dodged            |    88 |   101 |    63 ||   252

Table legend: (Time is in decaauts)
 A = Elapsed time spent in this place.
 B = Non-inter-level travel time spent in this place.
 C = Inter-level travel time spent in this place.
 D = Time resting spent in this place.
 E = Time spent auto-exploring this place.
 F = Levels seen in this place.
 G = Mean time per level.
                   A        B        C        D        E       F      G
               +--------+--------+--------+--------+--------+-----+--------+
         Total |   4445 |   4351 |     94 |   1315 |   2184 |   5 |  889.0 |
       Dungeon |   4413 |   4319 |     94 |   1289 |   2184 |   4 | 1103.2 |
         Abyss |     32 |     32 |      0 |     26 |      0 |   1 |   32.0 |
               +--------+--------+--------+--------+--------+-----+--------+

Top non-repeatable levels by time:
     D:4: 1717 daAuts
     D:3: 1047 daAuts
     D:2: 892 daAuts
     D:1: 755 daAuts
 Abyss:1: 32 daAuts
